 Dungeon Crawl Stone Soup version 0.32-a0-656-g3542139 (webtiles) character file.

Game seed: 1031846820707626916

4 sdynet the Cudgeller (level 1, -1/15 (18) HPs)
             Began as a Mountain Dwarf Reaver on Mar 8, 2024.
             Succumbed to a kobold's poison
             ... on level 1 of the Dungeon.
             The game lasted 00:00:30 (71 turns).

sdynet the Cudgeller (Mountain Dwarf Reaver)          Turns: 71, Time: 00:00:30

HP:   -1/15 (18)    AC:  3    Str: 14    XL:     1   Next: 58%
MP:   0/3           EV: 11    Int: 13    God:
Gold: 0             SH:  0    Dex:  8    Spells: 2/3 levels left

rFire   . . .        a - +0 mace
rCold   . . .        (no shield)
rNeg    . . .        b - +0 leather armour
rPois   .            (no helmet)
rElec   .            (no cloak)
rCorr   .            (no gloves)
SInv    .            (no boots)
Will    .....        (no amulet)
Stlth   +            (no ring)
HPRegen 0.22/turn    (no ring)
MPRegen 0.08/turn

%: no passive effects
@: lethally poisoned (-1 -> -10), very slightly contaminated, heavily drained
A: runic magic, artefact enchanting
a: no special abilities


You were on level 1 of the Dungeon.
You visited 1 branch of the dungeon, and saw 1 of its levels.

Inventory:

Hand Weapons
 a - a +0 mace (weapon)
Armour
 b - a +0 leather armour (worn)


   Skills:
 + Level 2.7 Fighting
 - Level 3.6 Maces & Flails
 - Level 1.3 Dodging
 - Level 1.7 Spellcasting
 - Level 2.6 Conjurations


You had 2 spell levels left.
You knew the following spells:

 Your Spells              Type           Power      Damage    Failure   Level
a - Kiss of Death         Conj/Necr      16%        2d6       16%         1

Your spell library contained the following spells:

 Spells                   Type           Power      Damage    Failure   Level
 Momentum Strike          Conj/Tloc      8%         3d8       24%         2
 Hailstorm                Conj/Ice       4%         3d5       43%         3


Dungeon Overview and Level Annotations

Branches:
Dungeon (1/15)

Altars:


Innate Abilities, Weirdness & Mutations

Your spellcasting is much less encumbered by armour.
You can use scrolls of enchantment on lesser artefacts.


Message History

You kill the hobgoblin!
You feel drained.
HP restored.
Magic restored.
A kobold comes into view. It is wielding a +0 whip.
The kobold shouts!
You hear a shout! x2
You hit the kobold.
You kill the kobold!
A hobgoblin comes into view.
You see here a +0 whip.
The hobgoblin closely misses you.
A kobold comes into view. It is wielding a +3 dagger of venom.
You hit the hobgoblin but do no damage. The hobgoblin hits you.
You thump the hobgoblin!
You kill the hobgoblin!
Your life force feels restored.
You miscast Kiss of Death.
You are very lightly contaminated with residual magic.
Nothing appears to happen.
The kobold hits you with a +3 dagger of venom.
You are poisoned.
You miscast Kiss of Death.
Nothing appears to happen.
You feel very sick.
The kobold hits you with a +3 dagger of venom.
You are lethally poisoned!
The fragment of death hits the kobold!
The kobold is drained!
You kill the kobold!
You feel drained.
You feel very sick.
A rat comes into view.
You aren't carrying any potions.
You aren't carrying any scrolls.
* * * LOW HITPOINT WARNING * * *
You feel very sick.
* * * LOW HITPOINT WARNING * * *
You feel sick. The rat closely misses you.
You see here a +3 dagger of venom.
You hit the rat.
You kill the rat!
You die...

#........###'## #
#....##..#ß...ß
#.#...####.##.#.#
#.#....##..#ß.#.ß
#..........##.#.#
###.########ß...ß
#.# ß#ß#ß#...#
#.#####.#
..........
#..†@.).+
###...<..
#..####.#
.......... #. #.#
ß#ß#ß#...# # #.#
####ß...ß #..
##.#.# #.. ß.#.ß
#... ##.#.# ...
ß. .ß


There were no monsters in sight!

Vanquished Creatures
  2 hobgoblins (D:1)
  2 kobolds (D:1)
  A rat (D:1)
5 creatures vanquished.

Notes
Turn   | Place    | Note
-------+----------+-------------------------------------------
     0 | D:1      | sdynet the Mountain Dwarf Reaver began the quest for the
                  | Orb.
     0 | D:1      | Reached XP level 1. HP: 17/17 MP: 3/3
    71 | D:1      | Succumbed to a kobold's poison

Illustrated notes

Levels and vault maps discovered:
D:1:      heliophobic_arrival_ceremonial_halls, layout_loops_ring

Action                     || total
---------------------------++-------
  Melee: Mace              ||     8
   Cast: Kiss of Death     ||     2
 Armour: Leather armour    ||     5
  Dodge: Dodged            ||     5

Table legend: (Time is in decaauts)
 A = Elapsed time spent in this place.
 B = Non-inter-level travel time spent in this place.
 C = Inter-level travel time spent in this place.
 D = Time resting spent in this place.
 E = Time spent auto-exploring this place.
 F = Levels seen in this place.
 G = Mean time per level.
                   A        B        C        D        E       F      G
               +--------+--------+--------+--------+--------+-----+--------+
         Total |     72 |     72 |      0 |      0 |     52 |   1 |   72.0 |
       Dungeon |     72 |     72 |      0 |      0 |     52 |   1 |   72.0 |
               +--------+--------+--------+--------+--------+-----+--------+

Top non-repeatable levels by time:
     D:1: 72 daAuts
